 Dungeon Crawl Stone Soup version 0.30-a0-618-gd6c86c23d0 (webtiles) character file.

Game seed: 11844268250033771519

25 voltaire321 the Sneak (level 2, 0/24 HPs)
             Began as a Demonspawn Delver on Jan 9, 2023.
             Succumbed to a kobold brigand's poison
             ... in a sewer.
             The game lasted 00:04:28 (722 turns).

voltaire321 the Sneak (Demonspawn Delver)            Turns: 722, Time: 00:04:28

Health: 0/24       AC:  3    Str: 12    XL:     2   Next: 86%
Magic:  2/2        EV: 12    Int: 11    God:
Gold:   13         SH:  0    Dex: 14    Spells: 1/1 levels left

rFire   . . .      SeeInvis .    a - +0 falchion
rCold   . . .      Faith    .    (no shield)
rNeg    . . .      Spirit   .    b - +0 leather armour
rPois   .          Reflect  .    (no helmet)
rElec   .          Harm     .    (no cloak)
rCorr   .          Rampage  .    (no gloves)
Will    .....                    (no boots)
Stlth   ++                       (no amulet)
HPRegen 0.24/turn                (no ring)
MPRegen 0.08/turn                (no ring)

@: lethally poisoned (0 -> -10), very slow
A: weakness stinger 1
a: no special abilities


You were in a sewer.
You visited 1 branch of the dungeon, and saw 3 of its levels.
You also visited: Sewer.

You collected 13 gold pieces.

Inventory:

Hand Weapons
 a - a +0 falchion (weapon)
 j - a +4 dagger
Missiles
 i - 2 poisoned darts (quivered)
Armour
 b - a +0 leather armour (worn)
Wands
 g - a wand of digging (3)
Scrolls
 c - 4 scrolls of fog
 e - a scroll of fear
 h - a scroll of immolation {unknown}
Potions
 f - a potion of haste


   Skills:
 + Level 3.2 Fighting
 + Level 2.1 Long Blades
 + Level 2.2 Dodging
 + Level 4.7 Stealth


You had one spell level left.
You didn't know any spells.
Your spell library was empty.

Dungeon Overview and Level Annotations

Branches:
Dungeon (5/15)              Sewer (1/1)
 Temple: D:4-7

Altars:


Innate Abilities, Weirdness & Mutations

You have a small tail.


Message History

You throw a poisoned dart.
The poisoned dart hits the kobold brigand.
You hear a splash.
The kobold brigand throws a poisoned dart.
The poisoned dart hits you!
You are poisoned.
Throw: 4 darts (poison)
Press: ? - help, Q - select action Shift-Dir - straight line, f/p - kobold brigand
Aim: a kobold brigand, wielding a +0 short sword and quivering poisoned darts (51% to hit)
You throw a poisoned dart.
The poisoned dart hits the kobold brigand.
You feel sick.
The kobold brigand throws a poisoned dart.
The poisoned dart barely misses you.
Throw: 3 darts (poison)
Press: ? - help, Q - select action Shift-Dir - straight line, f/p - kobold brigand
Aim: a kobold brigand, wielding a +0 short sword and quivering poisoned darts (51% to hit)
You throw a poisoned dart.
The poisoned dart hits the kobold brigand.
The kobold brigand is poisoned.
You hear a splash.
You feel sick.
The kobold brigand throws a poisoned dart.
The poisoned dart hits you!
You are more poisoned.
You feel very sick.
* * * LOW HITPOINT WARNING * * *
You feel very sick.
* * * LOW HITPOINT WARNING * * *
You feel sick.
* * * LOW HITPOINT WARNING * * *
You feel sick.
You feel sick.
* * * LOW HITPOINT WARNING * * *
You feel sick.
You are no longer poisoned.
The kobold brigand throws a poisoned dart.
The poisoned dart hits you!
You are lethally poisoned!
You die...

#~#
#~#
#~#
#~#
#~#
#~#
#K#
#~#
#@#
#~#
#~#
#~#
#~#
#~#
#~#
#~#
#~#


You could see a kobold brigand.

Vanquished Creatures
  A dart slug (D:4)
  2 endoplasms
  5 giant cockroaches (D:3)
  2 jackals (Sewer)
  5 kobolds
  A quokka (D:3)
  4 rats (Sewer)
20 creatures vanquished.

Notes
Turn   | Place    | Note
-------+----------+-------------------------------------------
     0 | D:5      | voltaire321 the Demonspawn Delver began the quest for the
                  | Orb.
     0 | D:5      | Reached XP level 1. HP: 18/18 MP: 1/1
    17 | D:4      | Noticed a phantom
   254 | D:4      | Noticed an orc wizard
   532 | D:3      | Found a glowing drain.
   538 | D:3      | Gained mutation: You have a small tail. [demonic ancestry]
   538 | D:3      | Reached XP level 2. HP: 18/24 MP: 2/2
   595 | Sewer    | Entered a sewer
   656 | Sewer    | Noticed a kobold brigand
   722 | Sewer    | Succumbed to a kobold brigand's poison

Illustrated notes

Levels and vault maps discovered:
D:3:      layout_basic, tso_metal_star, portal_sewer_entry_f, uniq_terence,
          uniq_sigmund, uniq_grinder
D:4:      minmay_clustersquares, layout_basic
D:5:      layout_loops_ring, kennysheep_little_box, serial_shops,
          nicolae_shop_behind_doors, minmay_joined_circles
Sewer:    sewer_kobolds

Skill      XL: |  1 |
---------------+----+-----
Long Blades    | 2 |  2.1
Dodging        | 2 |  2.2
Fighting       | |  3.2
Stealth        | |  4.7

Action                   || total
-------------------------++-------
Melee: Falchion          ||    71
       Tailslap          ||     5
       Punch             ||     1
Throw: Dart              ||     3
  Use: Scroll            ||     1
 Stab: Sleeping          ||     2
Armor: Leather armour    ||    18
Dodge: Dodged            ||    37

Table legend: (Time is in decaauts)
 A = Elapsed time spent in this place.
 B = Non-inter-level travel time spent in this place.
 C = Inter-level travel time spent in this place.
 D = Time resting spent in this place.
 E = Time spent auto-exploring this place.
 F = Levels seen in this place.
 G = Mean time per level.
                   A        B        C        D        E       F      G
               +--------+--------+--------+--------+--------+-----+--------+
         Total |    765 |    615 |    150 |     36 |    181 |   4 |  191.2 |
       Dungeon |    604 |    454 |    150 |     25 |    181 |   3 |  201.3 |
         Sewer |    161 |    161 |      0 |     11 |      0 |   1 |  161.0 |
               +--------+--------+--------+--------+--------+-----+--------+

Top non-repeatable levels by time:
     D:4: 476 daAuts
   Sewer: 161 daAuts
     D:3: 102 daAuts
     D:5: 25 daAuts
